 Dungeon Crawl Stone Soup version 0.25.1-2-g60ff931df9 (webtiles) character file.

Game seed: 4095076508912236451

157 H0rd4k the Charlatan (level 5, -1/38 HPs)
             Began as a Human Artificer on Sept 10, 2020.
             Slain by a goblin (2 damage)
             ... led by Robin
             ... on level 2 of the Dungeon.
             The game lasted 00:03:34 (2891 turns).

H0rd4k the Charlatan (Human Artificer)              Turns: 2891, Time: 00:03:35

Health: -1/38      AC:  3    Str: 13    XL:     5   Next: 66%
Magic:  7/7        EV: 12    Int: 18    God:
Gold:   121        SH:  0    Dex: 13    Spells: 4/4 levels left

rFire    . . .     SeeInvis .   a - +0 short sword
rCold    . . .     Gourm    .   (no shield)
rNeg     . . .     Faith    .   b - +0 leather armour
rPois    .         Spirit   .   (no helmet)
rElec    .         Reflect  .   (no cloak)
rCorr    .         Harm     .   (no gloves)
MR       .....                  (no boots)
Stlth    ++........             (no amulet)
HPRegen  0.12/turn              m - +6 ring of intelligence
MPRegen  0.10/turn              (no ring)

@: flying
A: no striking features
a: no special abilities


You were on level 2 of the Dungeon.
You were not hungry.

You visited 1 branch of the dungeon, and saw 2 of its levels.

You collected 121 gold pieces.

Inventory:

Hand Weapons
 a - a +0 short sword (weapon)
Missiles
 j - 8 boomerangs (quivered)
Armour
 b - a +0 leather armour (worn)
Jewellery
 m - a +6 ring of intelligence (left hand)
Wands
 c - a wand of flame (15)
 d - a wand of enslavement (10)
 e - a wand of random effects (13)
Scrolls
 g - 2 scrolls of identify
 h - a scroll of amnesia {unknown}
 i - a scroll of immolation {unknown}
Potions
 k - a potion of haste
 o - a potion of brilliance {unknown}
 p - a potion of lignification
Comestibles
 f - 5 rations
 n - a chunk of flesh


   Skills:
 + Level 2.0 Fighting
 + Level 2.4 Short Blades
 + Level 0.1 Throwing
 + Level 2.4 Armour
 + Level 2.4 Dodging
 + Level 1.4 Stealth
 + Level 3.7 Evocations


You had 4 spell levels left.
You didn't know any spells.
Your spell library was empty.

Dungeon Overview and Level Annotations

Branches:
Dungeon (2/15)

Altars:

Annotations:
D:2 Robin


Message History

You barely miss the goblin.
The goblin no longer looks unusually strong. x2
Robin roars a battlecry!
The goblins go into a battle-frenzy!
The goblin closely misses you. The goblin hits you.
* * * LOW HITPOINT WARNING * * *
You closely miss the goblin. The goblin hits you.
* * * LOW HITPOINT WARNING * * *
The goblin completely misses you.
You barely miss the goblin.
The goblin no longer looks unusually strong.
The goblin hits you.
* * * LOW HITPOINT WARNING * * *
The goblin barely misses you.
It was a potion of flight.
You feel very buoyant.
You fly up into the air.
The goblin no longer looks unusually strong. x3
The goblin hits you.
You die...

### #.#.####
#####<###.#.#..
#......##.#.#.###
#......##.#.#...#####.#
...............<.........
. ###.......#.#.#.#.#####.
. #.......#.#.#.#.# ###
#.......#g#.#.#.########<.
#.......#@#.#.#...........
###+#.#.#g#.#.###########.
#.#.#g#.#.# #######รท
#.#.#g#.#.. ...[.... #
#g#.##############
#.#.#.#g#...............
......gg........########
#'#'#.#.#######..# #
.gg#.# ##.# ##


You could see Robin, a hobgoblin (strong) and 6 goblins.

Vanquished Creatures
  Terence (D:2)
  3 adders (D:2)
  A dart slug (D:1)
  A leopard gecko (D:2)
  7 bats
  5 goblins
  3 hobgoblins
  4 jackals (D:2)
  6 frilled lizards
  5 kobolds
  7 rats (D:1)
43 creatures vanquished.

Vanquished Creatures (collateral kills)
  Jessica (D:2)
1 creature vanquished.

Grand Total: 44 creatures vanquished

Notes
Turn   | Place    | Note
-------+----------+-------------------------------------------
     0 | D:1      | H0rd4k the Human Artificer began the quest for the Orb.
     0 | D:1      | Reached XP level 1. HP: 15/15 MP: 3/3
   155 | D:1      | Reached XP level 2. HP: 9/21 MP: 4/4
   783 | D:1      | Reached XP level 3. HP: 19/26 MP: 5/5
  1603 | D:2      | Reached skill level 1 in Armour
  1769 | D:2      | Reached XP level 4. HP: 21/32 MP: 6/6
  2065 | D:2      | Noticed Jessica
  2065 | D:2      | Noticed Terence
  2078 | D:2      | Killed Jessica
  2238 | D:2      | Killed Terence
  2238 | D:2      | Reached XP level 5. HP: 9/38 MP: 7/7
  2871 | D:2      | Noticed Robin
  2890 | D:2      | HP: 1/38 [goblin[Robin] (4)]
  2891 | D:2      | Slain by a goblin

Illustrated notes

Levels and vault maps discovered:
D:1:      erik_arrival_triangle_medium, layout_loops_corners,
          minmay_three_crescents
D:2:      layout_basic, zin_purify, overflow_temple_1_default,
          grunt_temple_overflow_opulence, uniq_robin, uniq_jessica, uniq_terence

Skill      XL: |  1  2  3  4  5 |
---------------+----------------+-----
Armour         | 1 2 |  2.4
Short Blades   | 2 |  2.4
Fighting       | 2 |  2.0
Throwing       | |  0.1
Dodging        | |  2.4
Stealth        | |  1.4
Evocations     | |  3.7

Action                   |  1- 3 |  4- 6 || total
-------------------------+-------+-------++-------
Melee: Short sword       |   125 |    99 ||   224
Throw: Boomerang         |     1 |     2 ||     3
Evoke: Wand              |       |     7 ||     7
  Use: Potion            |       |     4 ||     4
       Scroll            |       |     1 ||     1
 Stab: Sleeping          |     3 |       ||     3
       Distracted        |     1 |       ||     1
  Eat: Chunk             |     3 |     3 ||     6
Armor: Leather armour    |    46 |    20 ||    66
       Skin              |       |     3 ||     3
Dodge: Dodged            |   124 |    77 ||   201
